Map: Alcyone LE

Players

NightMare - Winner!

  • Race: Protoss Protoss
  • Spawn Location: 7:00

Bunny

  • Race: Terran Terran
  • Spawn Location: 1:00

Event: ESL Spring 2024 Finals

VOD

Have the link to the VOD?

Description

Time

  • Played on: May 31, 2024, 8:25 p.m.
  • Length: 7:30

All games in this series

Show
View Real Time Build Order
Export as new Build Order

NightMare Protoss - Winner!

Build Orders: 1 Gate Expand, Blink Stalkers, Colossus Rush 

Get SALT Encoding   

  12  0:00  Probe  
  13  0:12  Probe  
  14  0:18  Pylon  
  14  0:24  Probe (Chrono Boost)  
  15  0:36  Probe (Chrono Boost)  
  15  0:39  Gateway  
  16  0:45  Probe (Chrono Boost)  
  17  0:50  Assimilator  
  17  0:51  Probe  
  18  1:03  Probe  
  19  1:15  Probe  
  20  1:27  Probe  
  20  1:29  Cybernetics Core  
  23  1:39  Nexus  
  21  1:45  Pylon  
  20  1:48  Probe  
  20  1:54  Assimilator  
  21  2:00  Probe  
  22  2:02  Adept (Chrono Boost)  
  22  2:06  Warp Gate  
  24  2:12  Probe  
  25  2:22  Twilight Council  
  25  2:24  Probe  
  26  2:31  Stalker  
  26  2:37  Probe  
  29  2:45  Gateway  
  29  2:49  Probe  
  29  2:51  Probe  
  31  2:55  Blink (Chrono Boost)  
  31  3:01  Probe  
  31  3:03  Probe  
  33  3:09  Stalker  
  35  3:13  Probe  
  35  3:15  Probe  
  37  3:23  Pylon  
  37  3:25  Probe  
  38  3:27  Probe  
  38  3:34  Robotics Facility  
  39  3:37  Probe  
  39  3:39  Probe  
  41  3:50  Probe  
  41  3:51  Probe  
  41  3:54  Stalker x2  
  47  3:57  Assimilator  
  47  4:00  Pylon  
  47  4:02  Probe  
  48  4:03  Assimilator, Probe  
  49  4:11  Shield Battery  
  49  4:14  Probe  
  49  4:15  Probe  
  51  4:20  Stalker  
  51  4:21  Stalker  
  55  4:26  Probe  
  55  4:27  Probe  
  55  4:28  Observer  
  55  4:38  Probe  
  55  4:40  Probe  
  55  4:44  Robotics Bay  
  55  4:45  Pylon  
  57  4:52  Observer  
  58  4:55  Nexus  
  58  4:56  Pylon  
  58  5:04  Charge  
  58  5:07  Gateway  
  58  5:09  Gateway  
  58  5:12  Gateway  
  58  5:20  Gateway  
  58  5:22  Gateway  
  58  5:23  Probe x2  
  60  5:30  Colossus (Chrono Boost)  
  66  5:39  Extended Thermal Lance  
  66  5:41  Shield Battery  
  66  5:45  Probe x2  
  68  5:51  Observer  
  66  5:57  Sentry x2  
  66  6:00  Shield Battery  
  66  6:01  Probe, Pylon  
  66  6:02  Probe  
  70  6:07  Pylon  
  70  6:08  Colossus (Chrono Boost)  
  76  6:14  Probe x2  
  76  6:18  Zealot  
  79  6:20  Zealot  
  79  6:22  Zealot  
  79  6:24  Zealot  
  85  6:27  Zealot  
  85  6:31  Zealot  
  89  6:33  Zealot  
  89  6:39  Zealot  
  92  6:40  Stalker  
  92  6:42  Stalker  
  96  6:47  Pylon  
  96  6:53  Sentry x3  
  86  7:05  Zealot x4  
  86  7:17  Zealot  
  86  7:18  Zealot x2  
  84  7:25  Zealot x4  
Show
View Real Time Build Order
Export as new Build Order

Bunny Terran 

Build Orders:  

Get SALT Encoding   

  12  0:00  SCV  
  13  0:12  SCV  
  14  0:16  Supply Depot  
  14  0:24  SCV  
  15  0:38  SCV  
  15  0:39  Barracks  
  15  0:42  Refinery  
  16  0:50  SCV  
  17  1:02  SCV  
  18  1:14  SCV  
  19  1:26  Marine  
  19  1:27  Orbital Command  
  20  1:44  Command Center  
  20  1:53  SCV  
  21  1:58  Factory  
  21  2:02  Barracks Reactor  
  21  2:08  Supply Depot  
  21  2:09  SCV  
  21  2:15  Refinery  
  22  2:22  SCV  
  23  2:34  SCV  
  24  2:38  Marine  
  24  2:39  Marine  
  24  2:42  Hellion  
  24  2:43  Starport  
  28  2:46  SCV  
  29  2:56  Orbital Command  
  29  2:57  Marine  
  29  2:58  SCV  
  31  3:01  Marine  
  31  3:05  Widow Mine  
  34  3:10  SCV  
  37  3:21  SCV  
  37  3:22  SCV, Medivac  
  37  3:26  Supply Depot  
  41  3:28  Widow Mine  
  41  3:32  Marine  
  41  3:33  SCV, Marine  
  44  3:34  SCV  
  45  3:42  Barracks  
  45  3:50  Barracks  
  45  3:51  SCV x2  
  45  3:55  Starport Tech Lab, Factory Tech Lab  
  45  3:59  Marine x2  
  47  4:03  SCV x2  
  48  4:14  Supply Depot  
  48  4:16  SCV x2  
  50  4:23  Marine x2  
  52  4:24  Bunker  
  52  4:25  Starport Reactor  
  52  4:27  Engineering Bay  
  52  4:29  Refinery  
  52  4:34  SCV x2  
  48  4:39  Stimpack  
  48  4:40  Marauder  
  48  4:42  Marine x2  
  48  4:43  Factory Reactor  
  52  4:46  Supply Depot, SCV x2  
  52  4:51  Combat Shield  
  52  4:52  Marauder  
  56  5:00  Terran Infantry Weapons Level 1, Marine x2  
  56  5:02  SCV x2  
  56  5:05  Marauder  
  62  5:08  Supply Depot  
  62  5:10  Medivac  
  62  5:13  Medivac  
  66  5:20  SCV  
  66  5:21  SCV  
  66  5:22  Marauder  
  66  5:27  Marine x2  
  68  5:28  Supply Depot  
  68  5:29  Marauder  
  70  5:37  Widow Mine  
  70  5:39  Supply Depot  
  72  5:43  Marauder, Medivac  
  72  5:45  Marine x2  
  76  5:52  Marauder  
  76  5:56  SCV x2  
  73  5:59  Medivac  
  73  6:02  Marine  
  73  6:03  Marine  
  73  6:04  Widow Mine  
  78  6:05  Supply Depot, Marauder  
  78  6:07  Widow Mine  
  82  6:15  Marine  
  83  6:20  Marine x2, Medivac  
  87  6:25  Marine  
  88  6:32  Marine  
  88  6:38  Marine x2  
  93  6:40  SCV  
  93  6:42  SCV  
  93  6:43  Marine  
  93  6:44  Concussive Shells  
  94  6:50  Marine  
  91  6:56  Marine x2  
  91  6:59  Widow Mine x2  
  83  7:02  Marauder  
  70  7:09  Marauder  
Tags
 
Add a new tag
Caveats
  • Supply blocks, unpowered buildings, or Contaminate may cause inaccurate times.
  • Supply counts are checked every 10 seconds.